 Dungeon Crawl Stone Soup version 0.30-a0-618-gd6c86c23d0 (webtiles) character file.

Game seed: 15498912192352491682

91 flotson the Sneak (level 4, 0/35 HPs)
             Began as a Demonspawn Delver on Jan 10, 2023.
             Slain by a goblin
             ... wielding a +0 dagger
             ... led by Robin
              (3 damage)
             ... on level 2 of the Dungeon.
             The game lasted 00:03:27 (1680 turns).

flotson the Sneak (Demonspawn Delver)               Turns: 1680, Time: 00:03:27

Health: 0/35       AC:  6    Str: 12 (15) XL:     4   Next: 34%
Magic:  4/4        EV:  9    Int: 10 (11) God:
Gold:   63         SH:  0    Dex: 13 (14) Spells: 3/3 levels left

rFire   . . .      SeeInvis .    j - +0 war axe
rCold   . . .      Faith    .    (no shield)
rNeg    . . .      Spirit   .    m - +0 scale mail
rPois   .          Reflect  .    (helmet restricted)
rElec   .          Harm     +    w - scarf {harm}
rCorr   +          Rampage  .    (no gloves)
Will    .....                    (no boots)
Stlth   +                        i - amulet of the acrobat
HPRegen 0.25/turn                v - ring of resist corrosion
MPRegen 0.09/turn                (no ring)

@: brilliant, hasted, very quick
A: antennae 2
a: no special abilities


You were on level 2 of the Dungeon.
You visited 1 branch of the dungeon, and saw 5 of its levels.

You collected 63 gold pieces.

Inventory:

Hand Weapons
 j - a +0 war axe (weapon)
Missiles
 p - 6 poisoned darts (quivered)
Armour
 m - a +0 scale mail (worn)
 w - a scarf of harm (worn)
Jewellery
 i - an amulet of the acrobat (around neck)
 v - a ring of resist corrosion (left hand)
Wands
 g - a wand of digging (3)
Scrolls
 a - a scroll of enchant armour {unknown}
 c - 2 scrolls of fog
 d - a scroll of magic mapping
 h - 2 scrolls of immolation {unknown}
 k - a scroll of brand weapon {unknown}
 n - a scroll of enchant weapon {unknown}
 o - 2 scrolls of identify {unknown}
 t - a scroll of vulnerability {unknown}
Potions
 b - a potion of berserk rage {unknown}
 e - a potion of brilliance
 f - a potion of haste
 l - a potion of degeneration
 q - a potion of attraction {unknown}
 r - a potion of curing {unknown}
 s - 2 potions of mutation {unknown}
 u - a potion of resistance {unknown}
 x - a potion of invisibility {unknown}
 z - a potion of lignification {unknown}


   Skills:
 + Level 3.5 Fighting
 - Level 2.0 Axes
 + Level 0.5 Throwing
 + Level 1.3 Armour
 + Level 2.3 Dodging
 + Level 4.8 Stealth
 + Level 1.3 Evocations


You had 3 spell levels left.
You didn't know any spells.
Your spell library contained the following spells:

 Spells                   Type           Power      Damage    Failure   Level
 Apportation              Tloc           0%         N/A       90%         1
 Necrotise                Necr           0%         1d4       90%         1
 Summon Small Mammal      Summ           0%         N/A       90%         1


Dungeon Overview and Level Annotations

Branches:
Dungeon (5/15)
 Temple: D:4-7

Altars:

Annotations:
D:2 Robin


Innate Abilities, Weirdness & Mutations

You have a pair of antennae on your head.


Message History

You feel yourself speed up. The goblin barely misses you.
The goblin hits you but does no damage.
You slash the goblin!
You kill the goblin!
You hit the goblin but do no damage. The goblin hits you but does no damage.
Robin roars a battlecry!
The goblins go into a battle-frenzy!
You slash the goblin!
You kill the goblin!
You miss the goblin. The goblin hits you with a +0 dagger.
You barely miss the goblin. The goblin hits you with a +0 dagger.
You hit the goblin. You punch the goblin, but do no damage.
The goblin is severely wounded.
The goblin closely misses you.
You barely miss the goblin.
The goblin is severely wounded.
The goblin closely misses you.
You barely miss the goblin.
The goblin is severely wounded.
The goblin hits you with a +0 dagger.
* * * LOW HITPOINT WARNING * * *
You closely miss the goblin.
The goblin is severely wounded.
Robin throws the goblin at you! The goblin hits you but does no damage.
The goblin hits you with a +0 dagger.
* * * LOW HITPOINT WARNING * * *
You barely miss the goblin. x2; The goblin barely misses you.
The goblin closely misses you.
You closely miss the goblin. x2
The goblin no longer looks unusually strong.
The goblin hits you with a +0 dagger.
* * * LOW HITPOINT WARNING * * *
The goblin hits you but does no damage.
It was a potion of brilliance.
You feel clever all of a sudden.
It was a potion of degeneration.
There was something very wrong with that liquid.
You feel weakened.
You feel dopey.
You feel clumsy. The goblin closely misses you.
The goblin hits you with a +0 dagger.
You die...

#.# #.# #.#
#.# . #.#
#.# #.# .
#.#####g...
#.g@gggg...
########...
# . # .


You could see Robin, 2 hobgoblins and 3 goblins.

Vanquished Creatures
  4 adders (D:2)
  A dart slug (D:3)
  An orc (D:3)
  4 bats
  6 endoplasms
  11 goblins
  A hobgoblin (D:2)
  4 jackals (D:1)
  4 kobolds
  A quokka (D:2)
  4 ball pythons
  A frilled lizard (D:1)
  6 rats
  A spectral hobgoblin (D:1)
49 creatures vanquished.

Notes
Turn   | Place    | Note
-------+----------+-------------------------------------------
     0 | D:5      | flotson the Demonspawn Delver began the quest for the Orb.
     0 | D:5      | Reached XP level 1. HP: 18/18 MP: 1/1
    10 | D:5      | Noticed a black bear
    81 | D:5      | Noticed a scorpion
   257 | D:3      | Noticed an orc priest
   260 | D:3      | Discovered your monstrous ancestry.
   260 | D:3      | Gained mutation: You have a pair of small antennae on your
                  | head. [demonic ancestry]
   260 | D:3      | Reached XP level 2. HP: 24/24 MP: 2/2
   669 | D:1      | Found a faded altar of an unknown god.
   685 | D:1      | Reached XP level 3. HP: 28/29 MP: 3/3
  1200 | D:2      | Reached skill level 1 in Evocations
  1313 | D:2      | Reached skill level 1 in Armour
  1438 | D:2      | Gained mutation: You have a pair of antennae on your head.
                  | [demonic ancestry]
  1438 | D:2      | Reached XP level 4. HP: 25/35 MP: 4/4
  1654 | D:2      | Noticed Robin
  1680 | D:2      | Slain by a goblin

Illustrated notes

Levels and vault maps discovered:
D:1:      dpeg_arrival_water_fire, layout_basic,
          dreamdust_ecumenical_altar_drowned_temple
D:2:      layout_basic, minmay_tall_x, uniq_robin
D:3:      layout_rooms
D:4:      layout_rooms, lemuel_crystal_altar, hangedman_decor_slide_cut,
          fountainhead
D:5:      layout_cave_pools, mainiacjoe_overflow_surrounded_room,
          minmay_temple_entry_hall, hex_large

Skill      XL: |  1  2  3 |
---------------+----------+-----
Axes           | 2 |  2.0
Dodging        | 2 |  2.3
Evocations     | 1 |  1.3
Armour         | 1 |  1.3
Fighting       | |  3.5
Throwing       | |  0.5
Stealth        | |  4.8

Action                   |  1- 3 |  4- 6 || total
-------------------------+-------+-------++-------
Melee: War axe           |    84 |    38 ||   122
       Punch             |     1 |     1 ||     2
  Use: Scroll            |     1 |       ||     1
       Potion            |       |     3 ||     3
 Stab: Sleeping          |     3 |     1 ||     4
Armor: Leather armour    |     6 |       ||     6
       Scale mail        |    34 |    22 ||    56
Dodge: Dodged            |    73 |    25 ||    98

Table legend: (Time is in decaauts)
 A = Elapsed time spent in this place.
 B = Non-inter-level travel time spent in this place.
 C = Inter-level travel time spent in this place.
 D = Time resting spent in this place.
 E = Time spent auto-exploring this place.
 F = Levels seen in this place.
 G = Mean time per level.
                   A        B        C        D        E       F      G
               +--------+--------+--------+--------+--------+-----+--------+
         Total |   1728 |   1675 |     53 |     47 |   1168 |   5 |  345.6 |
       Dungeon |   1728 |   1675 |     53 |     47 |   1168 |   5 |  345.6 |
               +--------+--------+--------+--------+--------+-----+--------+

Top non-repeatable levels by time:
     D:1: 744 daAuts
     D:2: 714 daAuts
     D:4: 118 daAuts
     D:3: 113 daAuts
     D:5: 37 daAuts
